 Dungeon Crawl Stone Soup version 0.18.1-48-g4cf74bf (webtiles) character file.

122 pancakeRgood the Shooter (level 4, 0/33 HPs)
             Began as a Demonspawn Hunter on Aug 12, 2016.
             Was an Initiate of Ru.
             Killed from afar by an orc wizard (5 damage)
             ... with a magic dart
             ... on level 3 of the Dungeon.
             The game lasted 00:17:17 (2228 turns).

pancakeRgood the Shooter (Demonspawn Hunter)        Turns: 2228, Time: 00:17:17

Health: 0/33       AC:  6    Str: 13    XL:     4   Next: 78%
Magic:  4/4        EV: 12    Int: 12    God:    Ru [......]
Gold:   124        SH:  0    Dex: 14    Spells: 0 memorised, 3 levels left

rFire  . . .     SeeInvis .     b - +2 whip (flame)
rCold  . . .     Gourm    .     c - +0 leather armour
rNeg   . . .     Faith    .     (no shield)
rPois  .         Spirit   .     (no helmet)
rElec  .         Dismiss  .     (no cloak)
rCorr  .         Reflect  .     (no gloves)
SustAt .         Harm     .     l - +0 pair of boots
MR     .....                    (no amulet)
Stlth  +.........               (no ring)
                                (no ring)

@: not resistant to hostile enchantments, very unstealthy
A: slimy green scales 1
a: Renounce Religion


You were on level 3 of the Dungeon.
You worshipped Ru.
Ru was noncommittal.
You were hungry.

You visited 1 branch of the dungeon, and saw 3 of its levels.

You collected 124 gold pieces.

Inventory:

Hand Weapons
 a - a +1 shortbow
 b - a +2 whip of flaming (weapon)
 i - a +0 dagger
 j - a +4 mace of holy wrath
 o - a +0 dagger
 s - a +0 short sword
 y - a +0 hand axe
Missiles
 d - 7 arrows
 q - 3 poisoned needles
 r - 67 stones (quivered)
 E - 4 large rocks
Armour
 c - a +0 leather armour (worn)
 e - a +0 ring mail
 l - a +0 pair of boots (worn)
 p - a +0 ring mail
 t - a cursed +0 robe
 z - a +0 chain mail
 D - a +0 leather armour
Scrolls
 m - a scroll of teleportation
 n - a scroll of noise {unknown}
 u - a scroll of fog {unknown}
 v - 2 scrolls of remove curse
Potions
 g - a potion of heal wounds
 h - a potion of resistance {unknown}
 k - 2 potions of agility
 w - 2 potions of lignification {unknown}
 x - 2 potions of curing
 A - a potion of degeneration
 F - a potion of cure mutation {unknown}
Comestibles
 f - 3 bread rations
 B - a meat ration
 C - 4 chunks of flesh


   Skills:
 + Level 2.1 Fighting
 + Level 0.1 Maces & Flails
 + Level 5.0 Bows
 + Level 1.5 Armour
 + Level 2.1 Dodging
 + Level 1.1 Stealth


You had 3 spell levels left.
You didn't know any spells.

Dungeon Overview and Level Annotations

Branches:
Dungeon (3/15)

Altars:
Ru


Innate Abilities, Weirdness & Mutations

You are partially covered in slimy green scales (AC +2).


Message History

You barely miss the orc wizard.
The orc wizard is heavily wounded.
The orc wizard closely misses you.
You hit the orc wizard but do no damage.
The orc wizard is heavily wounded.
The orc wizard hits you with a dagger.
You barely miss the orc wizard.
The orc wizard is heavily wounded.
The orc wizard hits you but does no damage.
The orc wizard misses you.
You hit the orc wizard. You burn the orc wizard.
The orc wizard is heavily wounded.
The orc wizard points at you and mumbles some strange words.
The magic dart hits you!
* * * LOW HITPOINT WARNING * * *
You hit the orc wizard. You burn the orc wizard.
The orc wizard is almost dead.
The orc wizard casts a spell at you. The magic dart hits you!
You die...

..o..[ #....
#######.ยง..
.......... .. ..
.........# .# .#.
......(.. .#...
#....(############.#.#
+%....)...............
#.....####..@......#
+...........o......###
##########...........+
#........####
#........# #........#
#######'## #.#
########'###


You could see an orc wizard.

Vanquished Creatures
  An orc wizard (D:3)
  A gnoll (D:1)
  3 adders (D:2)
  A worm (D:3)
  4 giant geckos (D:1)
  2 orcs (D:3)
  A giant cockroach (D:1)
  5 goblins
  6 hobgoblins
  3 jackals (D:1)
  A quokka (D:2)
  3 bats
  2 giant newts
  7 kobolds
  11 rats
51 creatures vanquished.

Notes
Turn   | Place    | Note
--------------------------------------------------------------
     0 | D:1      | pancakeRgood the Demonspawn Hunter began the quest for the Orb.
     0 | D:1      | Reached XP level 1. HP: 16/16 MP: 1/1
   375 | D:1      | Gained mutation: You are partially covered in slimy green scales (AC +2). [demonic ancestry]
   375 | D:1      | Reached XP level 2. HP: 22/22 MP: 2/2
   430 | D:1      | Reached skill level 4 in Bows
   672 | D:1      | Reached skill level 1 in Stealth
   706 | D:1      | Reached XP level 3. HP: 22/27 MP: 3/3
  1124 | D:2      | Found a sacrificial altar of Ru.
  1149 | D:2      | Became a worshipper of Ru the Awakened
  1235 | D:2      | Reached skill level 1 in Armour
  1428 | D:2      | Reached XP level 4. HP: 33/33 MP: 4/4
  2191 | D:3      | Reached skill level 5 in Bows
  2228 | D:3      | Killed from afar by an orc wizard

Skill      XL: |  1  2  3  4 |
---------------+-------------+-----
Bows           | 4 5 |  5.0
Stealth        | 1 |  1.1
Armour         | 1 |  1.5
Dodging        | 2 |  2.1
Fighting       | |  2.1
Maces & Flails | |  0.1

Action                   |  1- 3 |  4- 6 || total
-------------------------+-------+-------++-------
Melee: Dagger            |     2 |       ||     2
       Whip              |    15 |    41 ||    56
 Fire: Shortbow          |    60 |    15 ||    75
Throw: Stone             |       |     2 ||     2
  Use: Scroll            |       |     6 ||     6
       Potion            |       |     1 ||     1
  Eat: Chunk             |       |     3 ||     3
Armor: Leather armour    |     9 |    28 ||    37
Dodge: Dodged            |    19 |    24 ||    43
